 Dungeon Crawl Stone Soup version 0.32-a0-350-g4f4d228785 (webtiles) character file.

Game seed: 10680170399570184653

672 Strat the Slasher (level 7, 50/60 HPs)
             Began as a White Draconian Fighter on Feb 17, 2024.
             Quit the game on level 5 of the Dungeon.
             The game lasted 00:05:34 (3156 turns).

Strat the Slasher (White Draconian Fighter)         Turns: 3156, Time: 00:05:34

Health: 50/60      AC:  9    Str: 15    XL:     7   Next: 32%
Magic:  7/7        EV: 18    Int: 15    God:
Gold:   217        SH:  5    Dex: 15    Spells: 6/6 levels left

rFire   + . .        a - +0 long sword
rCold   + + .        b - +0 buckler
rNeg    . . .        (body armour unavailable)
rPois   .            (helmet restricted)
rElec   .            (no cloak)
rCorr   .            p - +0 pair of gloves
SInv    .            t - +1 pair of boots
Will    .....        (no amulet)
Stlth   +            n - +6 ring of intelligence
HPRegen 0.30/turn    e - ring of Cuow {rF+ rC+ EV+5 Str-3 Dex+3}
MPRegen 0.10/turn

%: no passive effects
@: no status effects
A: breathe frost, AC +6, unfitting armour, cold resistance 1, cold-blooded
a: Breathe Frost


You were on level 5 of the Dungeon.
You visited 1 branch of the dungeon, and saw 5 of its levels.

You collected 217 gold pieces.

Inventory:

Hand Weapons
 a - a +0 long sword (weapon)
Missiles
 c - a throwing net (quivered)
 r - 3 atropa-tipped darts
 x - 4 darts of dispersal
Armour
 b - a +0 buckler (worn)
 p - a +0 pair of gloves (worn)
 t - a +1 pair of boots (worn)
Jewellery
 e - the ring of Cuow (right hand) {rF+ rC+ EV+5 Str-3 Dex+3}
   (You acquired it on level 4 of the Dungeon)

   [ring of evasion]

   EV+5:      It affects your evasion (+5).
   Str-3:     It affects your strength (-3).
   Dex+3:     It affects your dexterity (+3).
   rF+:       It protects you from fire.
   rC+:       It protects you from cold.
 n - a +6 ring of intelligence (left hand)
Talismans
 w - a maw talisman
Wands
 g - a wand of paralysis (9)
Scrolls
 f - 2 scrolls of poison
 j - 3 scrolls of teleportation
 l - a scroll of fear
 m - a scroll of torment {unknown}
 q - a scroll of fog
 s - a scroll of vulnerability
Potions
 d - 4 potions of curing {unknown}
 h - 2 potions of enlightenment {unknown}
 i - a potion of heal wounds {unknown}
 k - 2 potions of brilliance {unknown}
 u - 2 potions of mutation {unknown}
 z - 2 potions of resistance {unknown}


   Skills:
 + Level 4.3 Fighting
 + Level 7.4 Long Blades
 + Level 3.5 Dodging
 - Level 3.0 Shields


You had 6 spell levels left.
You didn't know any spells.
Your spell library contained the following spells:

 Spells                   Type           Power      Damage    Failure   Level
 Conjure Ball Lightning   Conj/Air       0%         3x3d6     100%        6
 Discord                  Hex            0%         N/A       100%        8
 Disjunction              Tloc           0%         N/A       100%        8


Dungeon Overview and Level Annotations

Branches:
Dungeon (5/15)
 Temple: D:4-7

Altars:

Annotations:
D:3 Sigmund


Innate Abilities, Weirdness & Mutations

You can breathe waves of freezing cold which knock back foes.
Your icy white scales are hard. (AC +6)
You cannot fit into any form of body armour.
Your flesh is cold resistant. (rC+)
You are cold-blooded and may be slowed by cold attacks.


Message History

You block Prince Ribbit's attack. Prince Ribbit hits you.
* * * LOW HITPOINT WARNING * * *
You barely miss Prince Ribbit. You tail-slap Prince Ribbit.
Prince Ribbit is severely wounded.
Prince Ribbit hits you.
* * * LOW HITPOINT WARNING * * *
You slash Prince Ribbit!
Prince Ribbit is almost dead.
Prince Ribbit blinks!
Aiming: Paralyse
Press: ? - help, Shift-Dir - straight line, f/p - Prince Ribbit
Aim: Prince Ribbit (almost dead, chance to affect: 31%) Prince Ribbit easily resists.
Prince Ribbit blinks!
Unknown command.
Aiming: Paralyse
Press: ? - help, Shift-Dir - straight line, f/p - Prince Ribbit
Aim: Prince Ribbit (almost dead, chance to affect: 31%) Prince Ribbit easily resists.
Prince Ribbit croaks regally.
Unknown command.
Aiming: Paralyse
Press: ? - help, Shift-Dir - straight line, f/p - Prince Ribbit
Aim: Prince Ribbit (almost dead, chance to affect: 31%) Prince Ribbit suddenly stops moving!
Unknown command.
The helpless Prince Ribbit fails to defend himself.
You hit Prince Ribbit.
You kill Prince Ribbit!
Prince Ribbit returns to his original shape as he dies.
Your Fighting skill increases to level 4!
You have reached level 7!
Your scales start taking on an icy white colour.
You learn Fire Magic much slower.
You learn Ice Magic much quicker.
You can breathe waves of freezing cold which knock back foes.
You feel resistant to cold.
You start resting.
You hear the slow rusting of a distant drain.
You start resting.
You hear the slow rusting of a distant drain.
Are you sure you want to abandon this character and quit the game? (Confirm with "yes".)

#.#...# #.#.......
#....###..#.......
#...............#
#.#..##..##.....#
###.#.....###....#
#...#.##..#.....##
#####.#.#.......†....#####
...........#....<........##.
............@†.......###....
...........#...............#
...........#...............
..........##......†..#..###.
........<...................
...$......###......#..#.##..
..........# #.......#.....
#####.#...# #.............#
#.#...# #.........#.....


There were no monsters in sight!

Vanquished Creatures
  Prince Ribbit (D:5)
  A black bear (D:5)
  A scorpion (D:4)
  A hound (D:4)
  Jessica (D:3)
  An iguana (D:5)
  An orc wizard (D:3)
  6 adders
  3 gnolls (D:2)
  3 dart slugs
  9 orcs (D:3)
  4 ball pythons
  5 endoplasms
  2 giant cockroaches
  7 goblins
  4 hobgoblins
  3 jackals (D:4)
  2 quokkas
  10 bats
  A frilled lizard (D:2)
  8 kobolds
  6 rats
80 creatures vanquished.

Notes
Turn   | Place    | Note
-------+----------+-------------------------------------------
     0 | D:1      | Strat the Draconian Fighter began the quest for the Orb.
     0 | D:1      | Reached XP level 1. HP: 19/19 MP: 1/1
    54 | D:1      | Reached XP level 2. HP: 26/26 MP: 2/2
   106 | D:1      | Reached skill level 3 in Long Blades
   374 | D:1      | Reached XP level 3. HP: 31/31 MP: 3/3
   521 | D:2      | Reached skill level 4 in Long Blades
   619 | D:2      | Reached XP level 4. HP: 34/38 MP: 4/4
   721 | D:2      | You fall into a shaft and drop 1 floor!
  1350 | D:3      | Noticed a scorpion
  1352 | D:3      | Reached skill level 5 in Long Blades
  1554 | D:3      | Reached XP level 5. HP: 39/45 MP: 5/5
  1740 | D:3      | Noticed Jessica
  1759 | D:3      | Killed Jessica
  1982 | D:3      | Reached skill level 6 in Long Blades
  2165 | D:3      | Noticed Sigmund
  2430 | D:4      | Reached XP level 6. HP: 42/51 MP: 6/6
  2630 | D:4      | Noticed a water moccasin
  2752 | D:4      | Identified a scroll of acquirement
  2752 | D:4      | Acquired the ring of Cuow {rF+ rC+ EV+5 Str-3 Dex+3}
  3007 | D:5      | Entered Level 5 of the Dungeon
  3029 | D:5      | Reached skill level 7 in Long Blades
  3067 | D:5      | Noticed Prince Ribbit
  3099 | D:5      | Killed Prince Ribbit
  3100 | D:5      | Your scales start taking on an icy white colour.
  3100 | D:5      | Reached XP level 7. HP: 34/60 MP: 7/7
  3100 | D:5      | Gained mutation: Your flesh is cold resistant. (rC+) [White
                  | Draconian growth]
  3156 | D:5      | Quit the game

Illustrated notes

Levels and vault maps discovered:
D:1:      erik_arrival_triangle_medium, layout_rooms
D:2:      layout_loops_ring, amcnicky_mini_pool_small
D:3:      layout_loops_ring, minmay_circle_x, uniq_sigmund, uniq_jessica
D:4:      layout_loops_cross, kennysheep_generic_room_16
D:5:      layout_rooms, mainiacjoe_overflow_alcove_1, fedhas_altar_4,
          mainiacjoe_overflow_brackets, gup_sewer_entry_pipe,
          reono_crystal_passage, nicolae_tricolors, uniq_prince_ribbit1

Skill      XL: |  1  2  3  4  5  6 |
---------------+-------------------+-----
Long Blades    | 3 4 5 6 7 |  7.4
Dodging        | 3 |  3.5
Fighting       | 4 |  4.3
Shields        | |  3.0

Action                     |  1- 3 |  4- 6 |  7- 9 || total
---------------------------+-------+-------+-------++-------
  Melee: Long sword        |    76 |   221 |       ||   297
         Tailslap          |    13 |    23 |       ||    36
  Throw: Throwing net      |       |     2 |       ||     2
  Evoke: Wand              |       |     4 |       ||     4
    Use: Potion            |     1 |       |       ||     1
         Scroll            |       |    10 |       ||    10
   Stab: Sleeping          |     1 |     1 |       ||     2
         Paralysed         |       |     3 |       ||     3
 Armour: Skin              |    68 |   124 |       ||   192
  Dodge: Dodged            |    59 |   131 |       ||   190
  Block: Buckler           |    24 |    37 |       ||    61

Table legend: (Time is in decaauts)
 A = Elapsed time spent in this place.
 B = Non-inter-level travel time spent in this place.
 C = Inter-level travel time spent in this place.
 D = Time resting spent in this place.
 E = Time spent auto-exploring this place.
 F = Levels seen in this place.
 G = Mean time per level.
                   A        B        C        D        E       F      G
               +--------+--------+--------+--------+--------+-----+--------+
         Total |   3210 |   3091 |    119 |    334 |   1907 |   5 |  642.0 |
       Dungeon |   3210 |   3091 |    119 |    334 |   1907 |   5 |  642.0 |
               +--------+--------+--------+--------+--------+-----+--------+

Top non-repeatable levels by time:
     D:3: 1016 daAuts
     D:4: 800 daAuts
     D:2: 742 daAuts
     D:1: 507 daAuts
     D:5: 143 daAuts
